cohdb
Replays
Latest Replays
All Replays
Popular Replays
Top Player Replays
Match Explorer
How It Works
Community
CoH3 Stats
Reddit
Sign in to upload your games and track your stats! →
Sign in with Steam
Match 41877000
Unlisted
Match 41877000
Overview
Messages
Build Orders
End
Construct Infanterie Kompanie
Selects Italian Coastal Battlegroup
Selects Coastal Reserves
Coastal Reserve
MG 42 Machine Gun Team
GrW 34 Mortar Team
Coastal Reserve
Construct Panzergrenadier Kompanie
Selects Artillery Officer
Artillery Officer
MG 42 Bunker
Pak 40 Anti-tank Gun Team
Support Elements
Selects Support Bunkers
Anti-tank Bunker
MG 42 Bunker
Nebelwerfer 42 Rocket Launcher Team
Selects Designated Artillery Overwatch
Construct Panzer Kompanie
Designated Artillery Overwatch
Pioneer Squad
Selects Bulwark
Panzer IV Medium Tank
MG 42 Bunker
Panzer IV Medium Tank
Anti-tank Bunker
Pioneer Squad
MG 42 Bunker
Medical Bunker
MG 42 Bunker
Selects Coastal Wall
Panzer IV Medium Tank
Designated Artillery Overwatch
Panzer IV Medium Tank
Designated Artillery Overwatch
Stoßtruppen Squad
Panzer IV Medium Tank
WЇЌĭήğ§* ★assasin
Nithralder
Tanzeel
Eplestilk
[82AD] PaulVmax
Computer - Hard
jaws2005
FloppyBob
0
0
Comments
sign in to comment!
No comments posted yet!